AoeStats
← JamesNewstedd

Arena

508024320Analyzed
4v4 RM · 11d ago on Sep 20, 2026· 33m 49s· 8 players
Game mode
Random Map
Map size
Large (8 player)
Population
200
Speed
Normal
Resources
Standard
Victory
Conquest
Starting age
Dark Age
Ending age
Imperial Age
RankedLock teamsTeams togetherTeam positionsShared explorationLock speedFull tech treeHidden civsTurbo modeCheats
Victory
Defeat
🇩🇪 Wu · Germany
1600
+10
🇩🇪 Bohemians · Germany
1574
+11
🇩🇪 Burmese · Germany
1470
+15
🇩🇪 Britons · Germany
1443
+17
🇨🇿 Spanish · Czechia
1510
-15
🇦🇷 Maya · Argentina
1478
-14
🇲🇽 Muisca · Mexico
1463
-13
🇨🇿 Burgundians · Czechia
1405
-11
BTJ | Dr Colageno
0:28 Loom
9:21 Feudal Age
10:00 Double-Bit Axe
13:24 Fletching
18:30 Padded Archer Armor
22:30 Castle Age
23:13 Bodkin Arrow
22:39 Crossbowman
23:55 Bow Saw
33:03 Wheelbarrow
Dazkarich
10:15 Feudal Age
11:34 Double-Bit Axe
14:07 Castle Age
11:59 Horse Collar
15:21 Bow Saw
22:26 Wheelbarrow
22:47 Gold Mining
22:51 Stone Mining
23:39 Loom
24:19 Hand Cart
25:09 Heavy Plow
28:04 Imperial Age
27:59 Stone Shaft Mining
28:02 Gold Shaft Mining
27:03 Pikeman
27:43 Squires
28:05 Town Watch
29:20 Conscription
29:35 Coinage
29:38 Scale Mail Armor
29:48 Forging
29:24 Elite Guecha Warrior
29:40 Elite Temple Guard
30:24 Squires
30:32 Elite Temple Guard
32:09 Chain Mail Armor
33:38 Banking
KEFÍRER
8:47 Feudal Age
9:22 Double-Bit Axe
9:19 Horse Collar
10:18 Wheelbarrow
12:56 Wheelbarrow
16:46 Castle Age
18:59 Bow Saw
20:42 Padded Archer Armor
21:59 Husbandry
23:34 Bloodlines
26:05 Leather Archer Armor
27:20 Heavy Plow
29:15 Scale Barding Armor
29:21 Forging
30:27 Loom
31:30 Chain Barding Armor
34:17 Iron Casting
INghost
10:24 Feudal Age
8:58 Double-Bit Axe
11:37 Wheelbarrow
11:21 Bow Saw
12:52 Horse Collar
16:53 Castle Age
14:53 Gold Mining
16:22 Gold Shaft Mining
18:55 Two-Man Saw
22:39 Hand Cart
29:04 Scale Mail Armor
29:12 Scale Barding Armor
29:18 Forging
29:46 Husbandry
30:03 Cavalier
32:35 Chain Barding Armor
105er.G0ldenFir3
10:04 Feudal Age
8:23 Loom
13:40 Castle Age
11:56 Double-Bit Axe
13:32 Gold Mining
14:47 Bow Saw
16:26 Fletching
18:55 Bodkin Arrow
22:25 Padded Archer Armor
23:39 Wheelbarrow
28:17 Leather Archer Armor
33:27 Horse Collar
34:19 Hand Cart
105er.DarkSheep
10:31 Feudal Age
14:29 Castle Age
12:29 Double-Bit Axe
12:27 Horse Collar
15:32 Bow Saw
15:23 Heavy Plow
20:45 Wheelbarrow
20:45 Loom
22:32 Fletching
22:36 Gold Mining
23:32 Bodkin Arrow
23:38 Padded Archer Armor
25:37 Ballistics
24:42 Crossbowman
25:43 Leather Archer Armor
26:34 Hand Cart
28:05 Gold Shaft Mining
27:21 Stone Mining
31:49 Imperial Age
29:06 Loom
29:53 Fortified Wall
29:56 Masonry
29:57 Fortified Wall
31:31 Yeomen
31:51 Arbalester
32:32 Bracer
33:34 Chemistry
32:58 Conscription
33:33 Hoardings
33:45 Caravan
105er.James Newstedd
10:30 Feudal Age
14:27 Castle Age
14:06 Horse Collar
15:36 Heavy Plow
20:51 Gold Mining
23:49 Stone Mining
24:34 Gold Shaft Mining
24:37 Wheelbarrow
23:47 Town Watch
23:50 Loom
23:51 Town Watch
25:58 Hand Cart
28:58 Imperial Age
26:53 Ballistics
28:23 Scale Barding Armor
28:29 Forging
29:05 Heavy Scorpion
30:49 Chemistry
30:11 Chain Barding Armor
30:02 Forging
30:43 Conscription
31:13 Siege Engineers
30:35 Capped Ram
31:28 Bloodlines
31:18 Husbandry
30:39 Light Cavalry
32:00 Plate Barding Armor
32:10 Fortified Wall
32:46 Town Patrol
34:08 Iron Casting
33:23 Fletching
33:48 Masonry
33:22 Treadmill Crane
33:53 Masonry
JamesNewstedd
10:26 Feudal Age
14:20 Castle Age
12:45 Double-Bit Axe
13:39 Horse Collar
15:43 Bow Saw
15:49 Fervor
20:11 Sanctity
21:57 Loom
30:15 Wheelbarrow
30:49 Heavy Plow
32:42 Hand Cart
36:51 Imperial Age
34:08 Town Watch
Connection lost

Rejoining the realm…

Still unreachable

The connection could not be restored.

Session expired

The server has moved on; the page needs a fresh start.